 Dungeon Crawl Stone Soup version 0.22.0-25-g7663229 (webtiles) character file.

20198 Lew the Fighter (level 12, -13/77 HPs)
             Began as a Gargoyle Abyssal Knight on Aug 20, 2018.
             Was a High Priest of Lugonu.
             Killed from afar by a frost giant (30 damage)
             ... with a bolt of cold
             ... in an ice cave.
             The game lasted 00:44:46 (11161 turns).

Lew the Fighter (Gargoyle Abyssal Knight)          Turns: 11161, Time: 00:44:47

Health: -13/77     AC: 23    Str: 20    XL:     12   Next: 77%
Magic:  19/19      EV: 17    Int: 13    God:    Lugonu [*****.]
Gold:   856        SH:  0    Dex: 15    Spells: 11/11 levels left

rFire    . . .     SeeInvis .   i - +8 war axe
rCold    . . .     Gourm    .   (no shield)
rNeg     + . .     Faith    .   y - +1 troll leather armour {Purgy}
rPois    ∞         Spirit   .   t - +1 hat
rElec    +         Reflect  .   r - +1 cloak {+Inv}
rCorr    .         Harm     .   o - +0 pair of gloves
MR       +....     Rnd*Rage +   d - +2 pair of boots
Stlth    +.........             (no amulet)
HPRegen  0.62/turn              n - +5 ring of dexterity
MPRegen  0.16/turn              E - ring of protection from magic

@: no status effects
A: big wings, claws 1, berserk 1, blurry vision 1, negative energy resistance 1,
electricity resistance, unbreathing, petrification resistance, rot immunity,
subdued magic 1, AC +8
a: Fly, Depart the Abyss, Bend Space, Banish, Corrupt, Enter the Abyss, Renounce
Religion, Evoke Invisibility


You were in an ice cave.
You worshipped Lugonu.
Lugonu was extremely pleased with you.
You were not hungry.

You visited 1 branch of the dungeon, and saw 11 of its levels.
You visited the Abyss 1 time.
You also visited: Sewer and Ice Cave.

You collected 856 gold pieces.

Inventory:

Hand Weapons
 a - a +4 mace
 i - a +8 war axe (weapon)
 m - a +1 whip of venom
 A - a +2 dire flail of holy wrath
Armour
 d - a +2 pair of boots (worn)
 j - a +0 helmet
 o - a +0 pair of gloves (worn)
 r - a +1 cloak of invisibility (worn)
 t - a +1 hat (worn)
 y - a +1 troll leather armour (worn) {Purgy}
Jewellery
 n - a +5 ring of dexterity (left hand)
 C - an uncursed ring of fire
 E - a ring of protection from magic (right hand)
Wands
 p - a wand of digging (18)
 u - a wand of random effects (56)
 G - a wand of acid (11)
Scrolls
 b - 8 scrolls of teleportation
 e - 2 scrolls of fog
 h - 6 scrolls of remove curse
 k - a scroll of amnesia
 s - 2 scrolls of identify
 v - 2 scrolls of magic mapping
Potions
 l - 2 potions of brilliance
 z - 2 potions of ambrosia
 D - a potion of haste
Comestibles
 c - 21 rations


   Skills:
 + Level 10.0 Fighting
 * Level 7.3(8.0) Axes
 - Level 5.1(7.3) Maces & Flails
 + Level 9.6 Armour
 * Level 7.9 Dodging
 * Level 9.4 Invocations
 * Level 6.2 Evocations


You had 11 spell levels left.
You didn't know any spells.
Your spell library contained the following spells:

 Spells                   Type           Power        Failure   Level  Hunger
 Animate Skeleton         Necr           N/A          30%         1    ##.....
 Apportation              Tloc           #.....       30%         1    ##.....
 Confusing Touch          Hex            #.....       30%         1    ##.....
 Summon Small Mammal      Summ           #...         30%         1    ##.....
 Confuse                  Hex            #.......     67%         3    ####...
 Gell's Gravitas          Tloc           #.........   67%         3    ####...
 Petrify                  Tmut/Erth      #.......     97%         4    #####..
 Metabolic Englaciation   Hex/Ice        #.........   100%        5    ######.
 Yara's Violent Unravell  Hex/Tmut       #.........   100%        5    ######.


Dungeon Overview and Level Annotations

Branches:
Dungeon (11/15)              Lair (0/6) D:10            Orc (0/2) D:10
 Temple: D:4-7

Altars:
Ashenzari
Cheibriados
Dithmenos
Fedhas
Gozag
Makhleb
Okawaru
Qazlal
Ru
Sif Muna
Uskayaw
Wu Jian
Zin
The Shining One

Annotations:
D:9 , corrupted


Innate Abilities, Weirdness & Mutations

You are resistant to torment.
Your stone body is resilient. (AC +8)
You are immune to poison.
You resist negative energy. (rN+)
You are resistant to electric shocks. (rElec)
You can survive without breathing.
You are immune to petrification.
You are immune to rotting.
Your large and strong wings let you fly indefinitely.
You have sharp fingernails.
You tend to lose your temper in combat.
Scrolls take you a little longer to read.
Your spells are a little easier to cast, but a little less powerful.


Message History

Okay, then.
Evoke which item? (* to show all) (? for menu, Esc to quit)
Aiming: Corrosive Bolt
Press: ? - help, Shift-Dir - straight line, f - frost giant
Aim: a frost giant, wielding a battleaxe of freezing (lightly wounded)
The bolt of acid hits the frost giant.
The frost giant is splashed with acid.
The frost giant is lightly wounded.
The frost giant hits you with a battleaxe of freezing!
* * * LOW HITPOINT WARNING * * *
The frost giant freezes you.
* * * LOW HITPOINT WARNING * * *
Evoke which item? (* to show all) (? for menu, Esc to quit)
Aiming: Corrosive Bolt
Press: ? - help, Shift-Dir - straight line, f/p - frost giant
Aim: a frost giant, wielding a battleaxe of freezing (lightly wounded)
The bolt of acid hits the frost giant.
The frost giant is splashed with acid.
The frost giant is moderately wounded.
The frost giant casts a spell at you. The bolt of cold hits you!
You die...

.### #..## #..##≈≈≈###..###
..##≈≈≈≈≈≈##.hY### ###
..#≈≈≈≈≈≈≈≈#.##Yh#####.###
###≈≈≈≈≈≈≈≈≈≈.#.#C.##.#.Y###
.##≈≈≈≈≈≈≈##.#(####..####..#
..##≈≈≈≈≈≈≈##[.####### #h.###
.####≈≈≈# ####..C### ##...##
####≈≈≈######...@#...###..⌠..#
.##≈≈##..##.....####..###...##
#.≈######......## ##......##
#### ######## ########


You could see a frost giant.

Vanquished Creatures
  An anaconda (IceCv)
  5 two-headed ogres
  A death yak (IceCv)
  Nergalle (D:10)
  A deep troll (D:9)
  An unseen horror (D:9)
  Pikel (D:6)
  An ice statue (IceCv)
  A centaur zombie (D:11)
  Joseph (D:8)
  3 rime drakes
  2 trolls
  8 polar bears (IceCv)
  4 hippogriffs
  17 yaks (IceCv)
  Eustachio (D:5)
  A hungry ghost (D:7)
  Menkaure (D:5)
  Edmund (D:5)
  4 slaves (D:6)
  An ice beast (D:7)
  Purgy (Sewer)
  A sky beast (D:6)
  4 orc warriors
  3 phantoms
  A necrophage (D:10)
  11 ogres
  16 wolves (IceCv)
  2 centaurs
  6 big kobolds
  Blork the orc (D:4)
  5 gnoll sergeants (D:10)
  5 bullfrogs
  3 scorpions
  A wyvern skeleton (D:10)
  A water moccasin skeleton (D:5)
  8 killer bees
  A crimson imp (D:7)
  A bullfrog skeleton (D:9)
  4 hounds
  Crazy Yiuf (D:5)
  6 orc priests
  A gnoll shaman (D:5)
  3 jellies
  2 centaur skeletons
  4 iguanas
  6 orc wizards
  Ijyb (D:4)
  6 worker ants
  A hound zombie (D:10)
  A hound skeleton (D:5)
  3 worker ant zombies
  6 gnolls
  5 adders
  A shadow imp (D:6)
  2 adder zombies
  An adder skeleton (D:4)
  2 worms
  3 dart slugs
  6 leopard geckos
  37 orcs
  10 bats
  7 giant cockroaches
  3 goblins
  6 hobgoblins
  10 jackals
  4 quokkas
  3 ball pythons
  8 frilled lizards
  A giant cockroach zombie (D:5)
  2 jackal skeletons
  15 kobolds
  A quokka skeleton (D:4)
  2 rats
302 creatures vanquished.

Vanquished Creatures (others)
  A polar bear (IceCv)
  A hippogriff (D:9)
  A wolf (IceCv)
  A big kobold (D:9)
  A gnoll sergeant (D:9)
  A scorpion (D:9)
  4 gnolls (D:9)
  An adder (D:9)
  An orc (D:9)
  5 kobolds (D:9)
17 creatures vanquished.

Grand Total: 319 creatures vanquished

Notes
Turn   | Place    | Note
-------+----------+-------------------------------------------
     0 | Abyss:1  | Lew the Gargoyle Abyssal Knight began the quest for the Orb.
     0 | Abyss:1  | Reached XP level 1. HP: 14/14 MP: 2/2
    72 | Abyss:1  | Noticed a small abomination
   175 | Abyss:1  | Noticed a neqoxec
   176 | Abyss:1  | Noticed a wraith
   181 | D:1      | Escaped the Abyss
   262 | D:1      | Reached * piety under Lugonu
   308 | D:1      | Reached skill level 1 in Dodging
   308 | D:1      | Reached XP level 2. HP: 19/19 MP: 3/3
   844 | D:2      | Reached XP level 3. HP: 23/23 MP: 4/4
  1470 | D:3      | Found a blossoming altar of Fedhas.
  1572 | D:3      | Found a hide-covered altar of Uskayaw.
  1589 | D:3      | Reached XP level 4. HP: 9/29 MP: 4/6
  1938 | D:3      | Reached ** piety under Lugonu
  2392 | D:4      | Reached skill level 4 in Fighting
  2392 | D:4      | Reached XP level 5. HP: 32/33 MP: 7/7
  2608 | D:4      | Noticed Ijyb
  2620 | D:4      | Killed Ijyb
  2700 | D:4      | Reached XP level 6. HP: 31/39 MP: 8/8
  2750 | D:4      | Got a transparent falchion
  2752 | D:4      | Identified the +2 falchion of Trog's Benevolence {slice, rPois} (You found it on level 4 of the Dungeon)
  3044 | D:4      | Noticed Blork the orc
  3051 | D:4      | Killed Blork the orc
  3422 | D:4      | Found a shadowy altar of Dithmenos.
  3427 | D:4      | Found a shattered altar of Ashenzari.
  3429 | D:4      | Found an opulent altar of Gozag.
  3429 | D:4      | Found an iron altar of Okawaru.
  3434 | D:4      | Found a burning altar of Makhleb.
  3499 | D:5      | Entered Level 5 of the Dungeon
  3539 | D:5      | Reached XP level 7. HP: 44/44 MP: 9/9
  3610 | D:5      | Reached *** piety under Lugonu
  3630 | D:5      | Found a glowing drain.
  3777 | Sewer    | Entered a sewer
  3854 | Sewer    | Noticed Purgy
  3866 | Sewer    | Killed Purgy
  3866 | Sewer    | Reached skill level 5 in Fighting
  3982 | Sewer    | Gained mutation: You tend to lose your temper in combat. [potion of mutation]
  3982 | Sewer    | Gained mutation: You have sharp fingernails. [potion of mutation]
  3982 | Sewer    | Gained mutation: Your large and strong wings let you fly indefinitely. [potion of mutation]
  4238 | D:5      | Noticed Edmund
  4270 | D:5      | Killed Edmund
  4270 | D:5      | Reached XP level 8. HP: 42/50 MP: 11/11
  4400 | D:5      | Reached skill level 5 in Armour
  4434 | D:5      | Noticed Menkaure
  4446 | D:5      | Got a distressingly furry cloak
  4456 | D:5      | Killed Menkaure
  4456 | D:5      | Reached skill level 5 in Invocations
  4462 | D:5      | Identified the cursed +0 cloak "Lookaacw" {*Contam +Inv MR+} (You found it on level 5 of the Dungeon)
  4587 | D:5      | Found a runed door.
  4648 | D:5      | Noticed Eustachio
  4671 | D:5      | Killed Eustachio
  4842 | D:5      | Found a stormy altar of Qazlal.
  4909 | D:5      | Noticed Crazy Yiuf
  4921 | D:5      | Killed Crazy Yiuf
  4949 | D:5      | Gained mutation: Scrolls take you a little longer to read. [mutagenic glow]
  5134 | D:5      | Gained mutation: Your spells are a little easier to cast, but a little less powerful. [mutagenic glow]
  5183 | D:6      | Reached skill level 6 in Fighting
  5204 | D:6      | Noticed a hippogriff
  5221 | D:6      | Killed a hippogriff
  5221 | D:6      | Reached skill level 5 in Maces & Flails
  5261 | D:6      | Reached XP level 9. HP: 55/55 MP: 13/13
  5264 | D:6      | Got a scintillating bone ring
  5265 | D:6      | Identified the ring "Jyteride" {Ice Int+3} (You found it on level 6 of the Dungeon)
  5294 | D:6      | Reached skill level 1 in Evocations
  5416 | D:6      | Reached **** piety under Lugonu
  5466 | D:6      | Reached skill level 1 in Axes
  5670 | D:6      | Noticed Pikel
  5682 | D:6      | Killed Pikel
  5682 | D:6      | Reached skill level 7 in Fighting
  6074 | D:7      | HP: 1/57 [orc warrior/halberd (16)]
  6224 | D:7      | Found a glowing golden altar of the Shining One.
  6362 | D:7      | Reached skill level 5 in Dodging
  6617 | D:7      | Reached XP level 10. HP: 63/63 MP: 14/14
  7024 | D:8      | Reached ***** piety under Lugonu
  7040 | D:8      | Found an ornate altar of the Wu Jian Council.
  7115 | D:8      | Noticed Joseph
  7141 | D:8      | Killed Joseph
  7141 | D:8      | Reached skill level 8 in Fighting
  7994 | D:9      | Found a transporter.
  8000 | D:9      | Found a transporter.
  8000 | D:9      | Noticed a two-headed ogre
  8002 | D:9      | Noticed a deep troll
  8192 | D:9      | Corrupted D:9
  8192 | D:9      | Noticed a green death
  8192 | D:9      | Noticed a starcursed mass
  8192 | D:9      | Noticed a starcursed mass
  8202 | D:9      | Noticed a black draconian shifter
  8248 | D:9      | Found a sacrificial altar of Ru.
  8248 | D:9      | Found a deep blue altar of Sif Muna.
  8248 | D:9      | Found a glowing silver altar of Zin.
  8256 | D:9      | Noticed a two-headed ogre
  8267 | D:9      | Killed a two-headed ogre
  8294 | D:9      | Found a snail-covered altar of Cheibriados.
  8609 | D:9      | Killed a two-headed ogre
  8609 | D:9      | Reached skill level 5 in Axes
  8609 | D:9      | Reached XP level 11. HP: 61/69 MP: 16/16
  8612 | D:9      | Killed an unseen horror
  8613 | D:9      | Killed a deep troll
  8613 | D:9      | Reached skill level 9 in Fighting
  8749 | D:10     | Entered Level 10 of the Dungeon
  8749 | D:10     | Found a staircase to the Lair.
  8790 | D:10     | Noticed a two-headed ogre
  8796 | D:10     | Killed a two-headed ogre
  8891 | D:10     | Noticed a two-headed ogre
  8901 | D:10     | Killed a two-headed ogre
  8916 | D:10     | Noticed Nergalle
  8944 | D:10     | Killed Nergalle
  8960 | D:10     | Found a staircase to the Orcish Mines.
  9663 | D:11     | Noticed a two-headed ogre
  9674 | D:11     | Killed a two-headed ogre
  9727 | D:11     | Found a frozen archway.
  9733 | D:11     | Reached skill level 5 in Evocations
  9733 | D:11     | Reached XP level 12. HP: 62/76 MP: 18/18
  9755 | IceCv    | Entered an ice cave
 11081 | IceCv    | Noticed a death yak
 11081 | IceCv    | Noticed a frost giant
 11084 | IceCv    | Noticed an anaconda
 11084 | IceCv    | a deep troll changed into an anaconda
 11097 | IceCv    | Killed an anaconda
 11147 | IceCv    | Killed a death yak
 11154 | IceCv    | Reached skill level 10 in Fighting
 11161 | IceCv    | Killed from afar by a frost giant

Skill      XL: |  1  2  3  4  5  6  7  8  9 10 11 12 |
---------------+-------------------------------------+-----
Dodging        | 1 2 3 4 5 6 7 |  7.9
Armour         | 3 4 5 7 8 9 |  9.6
Fighting       | 4 5 6 7 8 9 10 | 10.0
Invocations    | 3 4 5 6 7 8 9 |  9.4
Maces & Flails | 3 4 5 |  5.1
Evocations     | 2 3 5 6 |  6.2
Axes           | 3 5 6 7 |  7.3

Action                   |  1- 3 |  4- 6 |  7- 9 | 10-12 || total
-------------------------+-------+-------+-------+-------++-------
Melee: Mace              |    99 |     4 |       |       ||   103
       War axe           |       |    96 |   346 |   611 ||  1053
       Whip              |       |       |    33 |       ||    33
Invok: Depart the Abyss  |     1 |       |       |       ||     1
       Banish            |       |       |       |     2 ||     2
       Corrupt           |       |       |       |     1 ||     1
 Abil: Fly               |       |       |     1 |       ||     1
       Stop Flying       |       |       |       |     1 ||     1
Evoke: Wand              |       |       |     8 |     8 ||    16
  Use: Scroll            |     9 |     5 |     9 |    13 ||    36
       Potion            |     2 |       |     9 |    10 ||    21
  Eat: Chunk             |     2 |     5 |     6 |     4 ||    17
       Ration            |       |     1 |     4 |     4 ||     9
Armor: Leather armour    |    30 |       |       |       ||    30
       Scale mail        |    38 |    65 |    63 |       ||   166
       Troll leather arm |       |       |   197 |   460 ||   657
Dodge: Dodged            |    84 |    53 |   256 |   746 ||  1139
